 Dungeon Crawl Stone Soup version 0.22-a0-354-g30dfbe6 (webtiles) character file.

104 Amnesiac the Grave Robber (level 4, -12/32 HPs)
             Began as a Mummy Necromancer on Apr 16, 2018.
             Killed from afar by Sigmund (15 damage)
             ... with a puff of flame
             ... on level 2 of the Dungeon.
             The game lasted 00:02:11 (1700 turns).

Amnesiac the Grave Robber (Mummy Necromancer)       Turns: 1700, Time: 00:02:12

Health: -12/32     AC:  2    Str: 11    XL:     4   Next: 52%
Magic:  0/9        EV: 14    Int: 15    God:
Gold:   85         SH:  0    Dex: 12    Spells: 5/9 levels left

rFire    x . .     SeeInvis .   a - +2 dagger (venom)
rCold    + . .     Gourm    .   (no shield)
rNeg     + + +     Faith    .   l - +0 robe
rPois    ∞         Spirit   .   (no helmet)
rElec    .         Reflect  .   (no cloak)
rCorr    .         Harm     .   (no gloves)
MR       .....                  (no boots)
Stlth    ++........             i - amulet of magic regeneration
HPRegen  0.10/turn              c - +1 ring of evasion
MPRegen  0.36/turn              (no ring)

@: no status effects
A: no food or potions, fire vulnerability, cold resistance 1, negative energy
resistance 3, torment resistance, unbreathing
a: no special abilities


You were on level 2 of the Dungeon.
You were not hungry.

You visited 1 branch of the dungeon, and saw 2 of its levels.

You collected 85 gold pieces.

Inventory:

Hand Weapons
 a - a +2 dagger of venom (weapon)
 b - a +0 hunting sling
Missiles
 e - 47 stones (quivered)
 h - 13 sling bullets
Armour
 l - a +0 robe (worn)
Jewellery
 c - a +1 ring of evasion (left hand)
 i - an amulet of magic regeneration (around neck)
Scrolls
 d - a scroll of enchant weapon {!r, unknown}
 f - 3 scrolls of identify {!r, unknown}
 g - a scroll of remove curse {!r, unknown}
 j - 2 scrolls of teleportation {!r, unknown}
 k - 2 scrolls of immolation {!r, unknown}
 m - a scroll of fear {!r, unknown}


   Skills:
 + Level 1.2 Fighting
 * Level 2.6 Dodging
 - Level 1.5 Stealth
 + Level 3.3 Spellcasting
 * Level 4.8 Necromancy


You had 5 spell levels left.
You knew the following spells:

 Your Spells              Type           Power        Failure   Level  Hunger
a - Pain                  Necr           ###.         2%          1    N/A
d - Vampiric Draining     Necr           ###.......   8%          3    N/A

Dungeon Overview and Level Annotations

Branches:
Dungeon (2/15)

Altars:
Zin

Annotations:
D:2 Sigmund


Innate Abilities, Weirdness & Mutations

You do not eat or drink.
Your flesh is vulnerable to fire.
You are immune to poison.
Your flesh is cold resistant. (rC+)
You are immune to negative energy. (rN+++)
You are immune to unholy pain and torment.
You can survive without breathing.


Message History

You hear a shout!
You barely miss the rat. The rat bites you. Sigmund closely misses you.
Sigmund is suddenly surrounded by pale green light.
You hit the rat.
You kill the rat!
Sigmund casts a spell.
Sigmund flickers and vanishes!
Deactivating autopickup; reactivate with Ctrl-A.
A hobgoblin comes into view.
A magic dart appears from out of thin air!
The magic dart hits you! Something hits you.
Casting: Vampiric Draining (safe; 8% risk of failure)
Confirm with . or Enter, or press ? or * to list all spells.
Aiming: Vampiric Draining (safe; 8% risk of failure)
Press: ? - help, Shift-Dir - straight line You feel life coursing into your body.
You hear some strange, mumbled words.
Something tries to affect you, but you resist.
Casting: Vampiric Draining (safe; 8% risk of failure)
Confirm with . or Enter, or press ? or * to list all spells.
Aiming: Vampiric Draining (safe; 8% risk of failure)
Press: ? - help, Shift-Dir - straight line You feel life coursing into your body.
Something hits you!
Ouch! That really hurt!
* * * LOW HITPOINT WARNING * * *
Casting: Vampiric Draining (safe; 8% risk of failure)
Confirm with . or Enter, or press ? or * to list all spells.
Aiming: Vampiric Draining (safe; 8% risk of failure)
Press: ? - help, Shift-Dir - straight line You feel life coursing into your body.
Really walk into a travel-excluded area? [Y]es or [N]o only, please.
Really walk into a travel-excluded area?
Okay, then.
You hit something but do no damage. Something hits you!
* * * LOW HITPOINT WARNING * * *
Casting: Vampiric Draining (safe; 8% risk of failure)
Confirm with . or Enter, or press ? or * to list all spells.
Aiming: Pain (safe; 2% risk of failure)
Press: ? - help, Shift-Dir - straight line, f - you That beam is likely to hit you.
Continue anyway?
Okay, then.
Unknown command.
Casting: Pain (safe; 2% risk of failure)
Confirm with . or Enter, or press ? or * to list all spells.
Aiming: Pain (safe; 2% risk of failure)
Press: ? - help, Shift-Dir - straight line Nothing appears to happen.
Something hits you.
* * * LOW HITPOINT WARNING * * *
Casting: Pain (safe; 2% risk of failure)
Confirm with . or Enter, or press ? or * to list all spells.
Aiming: Pain (safe; 2% risk of failure)
Press: ? - help, Shift-Dir - straight line Nothing appears to happen.
Really walk into a travel-excluded area? [Y]es or [N]o only, please.
Really walk into a travel-excluded area?
Okay, then.
You closely miss something.
You hear some strange, mumbled words.
A puff of flame appears from out of thin air!
The puff of flame hits you! The fire burns you terribly!
You die...

####### #.....#####
########........@#.
.................{......
...##.##.)#(.....#.#####
......#......#......#
#..#..#.####.#......#
##....#.####.#......#
)....##....#........#
##....####.###......#
....#.##.#.# .


There were no monsters in sight!

Vanquished Creatures
  Jessica (D:2)
  Natasha (D:2)
  2 adders
  A worm (D:2)
  2 leopard geckos (D:1)
  5 bats
  A giant cockroach (D:2)
  7 hobgoblins
  A ball python (D:2)
  2 frilled lizards
  6 goblins
  A kobold (D:2)
  2 rats (D:2)
32 creatures vanquished.

Vanquished Creatures (others)
  4 toadstools (D:1)
4 creatures vanquished.

Grand Total: 36 creatures vanquished

Notes
Turn   | Place    | Note
-------+----------+-------------------------------------------
     0 | D:1      | Amnesiac the Mummy Necromancer began the quest for the Orb.
     0 | D:1      | Reached XP level 1. HP: 13/13 MP: 4/4
   202 | D:1      | Reached XP level 2. HP: 19/19 MP: 1/5
  1099 | D:2      | Noticed Sigmund
  1214 | D:2      | Noticed Jessica
  1264 | D:2      | Killed Jessica
  1264 | D:2      | Reached skill level 1 in Fighting
  1264 | D:2      | Reached XP level 3. HP: 23/26 MP: 3/7
  1288 | D:2      | Learned a level 3 spell: Vampiric Draining
  1309 | D:2      | Reached XP level 4. HP: 18/32 MP: 4/8
  1395 | D:2      | Found a glowing silver altar of Zin.
  1633 | D:2      | Noticed Natasha
  1654 | D:2      | Killed Natasha
  1700 | D:2      | Killed from afar by Sigmund

Vault maps used:
D:1:      ldierk_water_garden, minmay_misc_feat_more_columns,
          minmay_tree_intersection, st_stairs_11
D:2:      zin_academy, uniq_natasha, uniq_sigmund, uniq_jessica

Skill      XL: |  1  2 |
---------------+-------+-----
Dodging        | 2 |  2.6
Spellcasting   | 3 |  3.3
Fighting       | 1 |  1.2
Stealth        | |  1.5
Necromancy     | |  4.8

Action                   |  1- 3 |  4- 6 || total
-------------------------+-------+-------++-------
Melee: Dagger            |     9 |    23 ||    32
 Cast: Pain              |    39 |     2 ||    41
       Vampiric Draining |       |     4 ||     4
Armor: Robe              |     2 |     2 ||     4
Dodge: Dodged            |     6 |    22 ||    28

Table legend:
 A = Spawn XP
 B = Non-spawn XP
 C = Spawn XP percentage of total XP
 D = Spawn monster count
 E = Non-spawn monster count
 F = Spawn count percentage of total count
 G = Total turns spent on level
                    A         B        C        D         E        F      G
               +---------+---------+-------+---------+---------+-------+---------
         Total |       0 |     149 |   0.0 |       0 |      32 |   0.0 |  1700
               +---------+---------+-------+---------+---------+-------+---------
           D:1 |       0 |      36 |   0.0 |       0 |      13 |   0.0 |  1116
           D:2 |       0 |     113 |   0.0 |       0 |      19 |   0.0 |   584
               +---------+---------+-------+---------+---------+-------+---------
